 Dungeon Crawl Stone Soup version 0.30-a0-916-g98134172ad (console) character file.

Game seed: 6227289685608523567

60743 Abuh the Severer (level 14, -63/133 HPs)
             Began as a Minotaur Fighter on Mar 20, 2023.
             Was a High Priest of Okawaru.
             Annihilated by a titanic slime creature (74 damage)
             ... on level 14 of the Dungeon.
             The game lasted 01:21:02 (18612 turns).

Abuh the Severer (Minotaur Fighter)                Turns: 18612, Time: 01:21:02

Health: -63/133    AC: 34    Str: 25    XL:     14   Next: 58%
Magic:  16/16      EV: 12    Int: 15    God:    Okawaru [*****.]
Gold:   1785       SH:  8    Dex: 11    Spells: 13/13 levels left

rFire   + . .      SeeInvis .    z - +5 broad axe {spect, rCorr Int+5}
rCold   . . .      Faith    .    c - +1 buckler
rNeg    + + .      Spirit   .    C - +6 plate armour of Tuymm {rN++}
rPois   .          Reflect  .    a - +0 hat {Int+3}
rElec   .          Rampage  .    R - +2 cloak {Stlth+}
rCorr   +                        k - +2 pair of gloves
Will    +....                    t - +3 pair of boots of Ornamental Salvation {rF+ Int+2} Stlth
                                 (no amulet)
HPRegen 0.42/turn                r - +5 ring of evasion
MPRegen 0.15/turn                H - ring of flight

@: flying
A: horns 2, retaliatory headbutt
a: Renounce Religion, Heroism, Finesse, Duel


You were on level 14 of the Dungeon.
You worshipped Okawaru.
Okawaru was extremely pleased with you.
You visited 3 branches of the dungeon, and saw 20 of its levels.

You collected 1785 gold pieces.

Inventory:

Hand Weapons
 f - a +2 battleaxe of freezing
 z - the +5 broad axe of the Forgotten Souls (weapon) {spect, rCorr Int+5}
   (You acquired it on level 6 of the Dungeon)

   Int:       It affects your intelligence (+5).
   rCorr:     It protects you from acid and corrosion.
 M - a +4 broad axe of electrocution
Missiles
 p - 152 stones
 x - 25 poisoned darts
 y - 13 boomerangs (quivered)
 G - 2 curare-tipped darts
 O - a datura-tipped dart
Armour
 a - a +0 hat of intelligence (worn)
 c - a +1 buckler (worn)
 k - a +2 pair of gloves (worn)
 t - the +3 pair of boots of Ornamental Salvation (worn) {rF+ Int+2}
   (You acquired it on level 10 of the Dungeon)

   Int:       It affects your intelligence (+2).
   rF:        It protects you from fire.
 C - the +6 plate armour of Tuymm (worn) {rN++}
   (You found it on level 6 of the Dungeon)

   rN:        It greatly protects you from negative energy.
 R - a +2 cloak of stealth (worn)
Jewellery
 d - an amulet of faith
 r - a +5 ring of evasion (left hand)
 H - a ring of flight (right hand)
 L - a ring of protection from cold
Wands
 j - a wand of mindburst (7)
 m - a wand of flame (42)
 u - a wand of paralysis (16)
 D - a wand of iceblast (32)
 J - a wand of polymorph (5)
 Q - a wand of light (12)
 Z - a wand of digging (5)
Scrolls
 b - 13 scrolls of identify
 e - 5 scrolls of teleportation
 h - 6 scrolls of fog
 s - 2 scrolls of fear
 N - 3 scrolls of magic mapping
 S - 2 scrolls of amnesia
Potions
 g - a potion of cancellation
 i - 3 potions of haste
 l - 5 potions of curing
 n - a potion of mutation {unknown}
 o - 4 potions of ambrosia
 q - 2 potions of resistance
 v - 2 potions of lignification
 w - a potion of brilliance
 A - a potion of berserk rage
 E - 3 potions of attraction
 I - 2 potions of magic
 K - 7 potions of flight
 T - a potion of might
Miscellaneous
 F - a box of beasts
 U - a piece from Xom's chessboard (15/15)


   Skills:
 + Level 14.6 Fighting
 - Level 18.0 Axes
 + Level 14.7 Armour
 + Level 14.7 Shields
 - Level 5.0 Invocations


You had 13 spell levels left.
You didn't know any spells.
Your spell library contained the following spells:

 Spells                   Type           Power      Damage    Failure   Level
 Sting                    Tmut/Pois      0%         1d3       93%         1
 Lesser Beckoning         Tloc           0%         N/A       98%         2
 Poisonous Vapours        Pois/Air       0%         N/A       98%         2
 Gell's Gravitas          Tloc           0%         N/A       100%        3
 Teleport Other           Tloc           0%         N/A       100%        3
 Anguish                  Hex/Necr       0%         N/A       100%        4
 Olgreb's Toxic Radiance  Pois           0%         N/A       100%        4
 Blade Hands              Tmut           0%         N/A       100%        5
 Iron Shot                Conj/Erth      0%         9d1       100%        6
 Enfeeble                 Hex            0%         N/A       100%        7
 Animate Armour           Summ/Erth      Unusable   N/A       N/A         4

Dungeon Overview and Level Annotations

Branches:
Dungeon (14/15)            Temple (1/1) D:4            Lair (5/5) D:10
  Swamp (0/4) Lair:3       Spider (0/4) Lair:3        Slime (0/5) Lair:5
    Orc (0/2) D:11
 Vaults: D:13-14

Altars:
Ashenzari
Cheibriados
Dithmenos
Elyvilon
Fedhas
Gozag
Hepliaklqana
Kikubaaqudgha
Makhleb
Nemelex Xobeh
Okawaru
Qazlal
Ru
Sif Muna
Trog
Uskayaw
Vehumet
Wu Jian
Xom
Yredelemnul
Zin
The Shining One
Jiyva

Shops:
D:7 :   D:14 [

Annotations:
D:9 1 runed translucent door
D:14 3 runed translucent doors
Lair:2 exclusion: ice statue


Innate Abilities, Weirdness & Mutations

You have a pair of horns on your head.
You reflexively headbutt those who attack you in melee.


Message History

The very large slime creature hits you!!
The slime creature quivers.
You completely miss the very large slime creature.
The very large slime creature is lightly wounded.
Two slime creatures merge to form an enormous slime creature.
You slice the enormous slime creature!!
The enormous slime creature is lightly wounded.
You barely miss the enormous slime creature.
You headbutt the enormous slime creature!
The enormous slime creature is moderately wounded.
You slash the enormous slime creature!
The enormous slime creature is moderately wounded.
The enormous slime creature hits you but does no damage.
You slash the enormous slime creature!
The enormous slime creature is moderately wounded.
Two slime creatures merge to form a titanic slime creature.
You slash the titanic slime creature!
The titanic slime creature is moderately wounded.
You slash the titanic slime creature!
The titanic slime creature is moderately wounded.
You slash the titanic slime creature!
You headbutt the titanic slime creature!
The titanic slime creature is heavily wounded.
You slice the titanic slime creature!!
The titanic slime creature is heavily wounded.
The titanic slime creature hits you!
You hit the titanic slime creature.
You headbutt the titanic slime creature, but do no damage.
The titanic slime creature is heavily wounded.
The titanic slime creature hits you!!!!
Ouch! That really hurt!
* * * LOW HITPOINT WARNING * * *
You slice the titanic slime creature!!
You headbutt the titanic slime creature!
The titanic slime creature is severely wounded.
The titanic slime creature hits you.
* * * LOW HITPOINT WARNING * * *
You feel better. The titanic slime creature hits you!!!!
Ouch! That really hurt!
You die...

#...............[.......# #..>....#
#.......###+++###..#+#### #.......#
#......##.......##.#.# ######'##
###...##.........#...# ###..#
#####..#..........##..# #..)##
#.....##..$.####...#..######
####.#######
#.....#...###[!##..##..^...#
#..........# #.....#..##$(..:
#..#......#####..........#
######.....#..#...=..
#.k#......'..............#
#....'....##..#...4.
#Z4#......#####..........# +.####....#
....ZZ.###..##......# #..........#
####.## .ZZkk2..Z4.#.......#
#########.## #..###.Z####...##.#######
#####..# ##...####..#####...#####
##.....## ##..............#.....#
#..##### ###.+##.#######....###.#
##.####### #.........# ###### #.#
#......... #.........# #######.##
###......... #<........#
#........####........... #.........###
#........##...#......... #.........'.##
#........#..###.........
+......^..#..###.......[.....#.........
#.........##...........#...#.##########
#.........######........#.#..#
###'####### ######....∩...# #.@JJ#
#...#.#..# ####'# #[.#...#...#
...........# #<.......#.# ....J......#
#(######..... ..J........# #†# .....
...........# #######.######....
...........# ............... ..
..J........# #######.######.
...........+ #.# ..# .## #. #+


You could see a titanic slime creature and a slime creature.

Vanquished Creatures
  Rupert (Lair:4)
  Gastronok (D:12)
  Snorg (D:12)
  Fannar (D:11)
  A centaur warrior (D:13)
  6 hydras
  5 two-headed ogres
  2 boulder beetles
  3 goliath frogs (Lair:5)
  Amaemon (Lair:1)
  A skyshark (Lair:4)
  A lindwurm (Lair:4)
  2 bog bodies (Lair:3)
  An orc knight (D:12)
  2 cyclopes
  2 manticores (D:13)
  31 elephants
  3 black mambas
  2 unseen horrors
  19 cane toads
  An orange demon (Lair:1)
  7 komodo dragons
  2 rime drakes
  A tengu conjurer (D:14)
  4 trolls
  2 tyrant leeches
  A polar bear (Lair:2)
  A hornet (D:11)
  19 blink frogs
  2 slime creatures (D:12)
  A vampire (D:10)
  A jumping spider (Lair:3)
  4 wyverns
  3 shadows (D:11)
  34 yaks
  A wraith (D:10)
  4 basilisks
  2 redbacks (Lair:3)
  3 steam dragons
  11 vampire mosquitoes
  3 acid dragons
  4 water moccasins
  14 orc warriors
  4 sky beasts
  2 black bears
  8 ice beasts
  6 ogres
  3 centaurs
  A phantom (D:3)
  4 kobold brigands
  2 gnoll sergeants (D:11)
  18 bullfrogs
  5 scorpions
  9 wights (D:7)
  10 killer bees
  2 howler monkeys
  2 jellies
  10 orc priests
  2 hounds
  3 sleepcaps
  4 iguanas
  Terence (D:3)
  10 orc wizards
  12 hell rats
  4 gnolls (D:11)
  7 adders
  4 shadow imps
  6 white imps
  4 dart slugs
  62 orcs
  6 ball pythons
  6 endoplasms
  4 giant cockroaches
  7 goblins
  6 hobgoblins
  4 jackals
  6 quokkas
  A bat (D:3)
  4 frilled lizards
  9 kobolds
  3 rats
472 creatures vanquished.

Vanquished Creatures (others)
  A kobold (D:9)
  28 fungi
  80 plants
109 creatures vanquished.

Grand Total: 581 creatures vanquished

Notes
Turn   | Place    | Note
-------+----------+-------------------------------------------
     0 | D:1      | Abuh the Minotaur Fighter began the quest for the Orb.
     0 | D:1      | Reached XP level 1. HP: 19/19 MP: 0/0
     2 | D:1      | Noticed a demonspawn
     2 | D:1      | Noticed a meteoran
     4 | D:1      | Noticed a ghoul
     4 | D:1      | Noticed a gargoyle
     6 | D:1      | Noticed a formicid
     6 | D:1      | Noticed a tengu
     8 | D:1      | Noticed a vampire
     8 | D:1      | Noticed a spriggan
    10 | D:1      | Noticed a vine stalker
    12 | D:1      | Noticed a merfolk
    14 | D:1      | Noticed an elf
    14 | D:1      | Noticed an octopode
    16 | D:1      | Noticed a minotaur
    18 | D:1      | Noticed a draconian
    18 | D:1      | Noticed a naga
    20 | D:1      | Noticed a felid
    20 | D:1      | Noticed an armataur
    22 | D:1      | Noticed a troll
    22 | D:1      | Noticed a demigod
    24 | D:1      | Noticed a formicid
    24 | D:1      | Noticed an ogre
    26 | D:1      | Noticed a tengu
    26 | D:1      | Noticed a demonspawn
    78 | D:1      | Reached XP level 2. HP: 25/27 MP: 1/1
   148 | D:1      | You fall into a shaft and drop 1 floor!
   182 | D:1      | Reached skill level 3 in Axes
   790 | D:2      | Reached XP level 3. HP: 31/33 MP: 2/2
  1698 | D:3      | Noticed Terence
  1766 | D:3      | Found a large runed translucent door.
  1766 | D:3      | Found a large runed translucent door.
  1877 | D:3      | Reached XP level 4. HP: 39/40 MP: 3/3
  1955 | D:3      | Found a blossoming altar of Fedhas.
  2038 | D:3      | Killed Terence
  2039 | D:3      | Reached skill level 4 in Axes
  2065 | D:3      | Found a stormy altar of Qazlal.
  2069 | D:3      | Noticed a phantom
  2082 | D:3      | Killed a phantom
  2083 | D:3      | Reached XP level 5. HP: 35/47 MP: 4/4
  2341 | D:3      | Found a white marble altar of Elyvilon.
  2351 | D:3      | Found a broken altar of Ashenzari.
  2484 | D:4      | Found a staircase to the Ecumenical Temple.
  2649 | D:4      | Reached skill level 5 in Axes
  2842 | D:4      | Found a sacrificial altar of Ru.
  2973 | Temple   | Entered the Ecumenical Temple
  2995 | Temple   | Became a worshipper of Warmaster Okawaru
  3213 | D:5      | Entered Level 5 of the Dungeon
  3369 | D:5      | Noticed an ogre
  3379 | D:5      | Killed an ogre
  3380 | D:5      | Reached skill level 5 in Fighting
  3380 | D:5      | Reached skill level 5 in Armour
  3380 | D:5      | Reached skill level 5 in Shields
  3380 | D:5      | Reached XP level 6. HP: 24/56 MP: 5/5
  3877 | D:5      | Reached * piety under Okawaru
  3879 | D:5      | Reached skill level 6 in Axes
  3879 | D:5      | Reached XP level 7. HP: 61/61 MP: 6/6
  4247 | D:5      | Reached ** piety under Okawaru
  4450 | D:6      | Reached skill level 7 in Axes
  4512 | D:6      | Reached XP level 8. HP: 70/70 MP: 7/7
  4581 | D:6      | Identified the +6 plate armour of Tuymm {rN++}
  4702 | D:6      | Reached *** piety under Okawaru
  4703 | D:6      | Reached skill level 8 in Axes
  4949 | D:6      | Identified a scroll of acquirement
  4949 | D:6      | Acquired the +5 broad axe of the Forgotten Souls {spect,
                  | rCorr Int+5}
  5294 | D:7      | Reached skill level 9 in Axes
  5316 | D:7      | Reached XP level 9. HP: 66/79 MP: 8/8
  5718 | D:7      | Found Egag Jeugh's Book Boutique.
  5730 | D:7      | Reached **** piety under Okawaru
  5886 | D:7      | Reached skill level 10 in Axes
  6891 | D:9      | Found a runed translucent door.
  6892 | D:9      | Noticed a sixfirhy
  6999 | D:9      | Reached skill level 11 in Axes
  7006 | D:9      | Reached ***** piety under Okawaru
  7157 | D:9      | Reached XP level 10. HP: 90/90 MP: 9/9
  7388 | D:9      | Found a hide-covered altar of Uskayaw.
  7431 | D:9      | Found a bloodstained altar of Trog.
  7814 | D:10     | Entered Level 10 of the Dungeon
  7815 | D:10     | Acquired the +3 pair of boots of Ornamental Salvation {rF+
                  | Int+2}
  7926 | D:10     | Noticed a two-headed ogre
  7946 | D:10     | Killed a two-headed ogre
  7947 | D:10     | Reached skill level 12 in Axes
  8560 | D:10     | Reached ****** piety under Okawaru
  8560 | D:10     | Received a gift from Okawaru
  8603 | D:10     | Found a staircase to the Lair.
  8618 | D:10     | Reached XP level 11. HP: 99/99 MP: 10/10
  8754 | D:10     | Found a sparkling altar of Nemelex Xobeh.
  8865 | D:10     | Reached skill level 13 in Axes
  8950 | Lair:1   | Entered Level 1 of the Lair of Beasts
  8955 | Lair:1   | Reached skill level 10 in Fighting
  8955 | Lair:1   | Reached skill level 10 in Shields
  8970 | Lair:1   | Reached skill level 10 in Armour
  8971 | Lair:1   | Reached skill level 1 in Invocations
  9375 | Lair:1   | Received a gift from Okawaru
  9382 | Lair:1   | Reached skill level 14 in Axes
  9432 | Lair:1   | Noticed Amaemon
  9444 | Lair:1   | Killed Amaemon
  9444 | Lair:1   | Identified the +1 hand axe "Aggisepn" {venom, Str+3 Stlth+}
                  | (Okawaru gifted it to you on level 1 of the Lair of Beasts)
  9444 | Lair:1   | Received a gift from Okawaru
  9993 | Lair:2   | Noticed an eight-headed hydra
 10022 | Lair:1   | Killed an 11-headed hydra
 10225 | Lair:2   | Reached XP level 12. HP: 108/108 MP: 13/13
 10929 | Lair:3   | Noticed a seven-headed hydra
 10939 | Lair:3   | Received a gift from Okawaru
 10940 | Lair:3   | Killed a 14-headed hydra
 11033 | Lair:3   | Identified the +7 spear "Veufepul" {freeze, rCorr Str+2}
 11061 | Lair:3   | Found a staircase to the Swamp.
 11082 | Lair:3   | Reached skill level 15 in Axes
 11242 | Lair:3   | Received a gift from Okawaru
 11243 | Lair:3   | Reached skill level 5 in Invocations
 11442 | Lair:3   | Found a hole to the Spider Nest.
 12390 | Lair:4   | Reached skill level 16 in Axes
 12501 | Lair:4   | Noticed a four-headed hydra
 12516 | Lair:4   | Killed a 16-headed hydra
 12755 | Lair:4   | Reached XP level 13. HP: 114/118 MP: 13/15
 13586 | Lair:5   | Entered Level 5 of the Lair of Beasts
 13586 | Lair:5   | Found a viscous altar of Jiyva.
 13586 | Lair:5   | Found a staircase to the Slime Pits.
 14023 | Lair:5   | Noticed Rupert
 14091 | Lair:4   | Paralysed by Rupert for 4 turns
 14108 | Lair:4   | Identified the +3 ring mail "Pifypt" {Int+4} (Okawaru
                  | gifted it to you on level 4 of the Lair of Beasts)
 14108 | Lair:4   | Received a gift from Okawaru
 14109 | Lair:4   | Reached skill level 17 in Axes
 14110 | Lair:4   | Killed Rupert
 15102 | Lair:5   | Reached skill level 18 in Axes
 15107 | Lair:5   | Reached XP level 14. HP: 80/129 MP: 16/16
 15166 | Lair:5   | Received a gift from Okawaru
 15646 | D:11     | Found a staircase to the Orcish Mines.
 16088 | D:11     | Noticed Fannar
 16094 | D:11     | Killed Fannar
 16763 | D:12     | Noticed Gastronok
 16777 | D:12     | Killed Gastronok
 16895 | D:12     | Received a gift from Okawaru
 17040 | D:12     | Found a white marble altar of Elyvilon.
 17410 | D:13     | Noticed Snorg
 17434 | D:12     | Killed Snorg
 17889 | D:13     | Found a hide-covered altar of Uskayaw.
 18395 | D:14     | Found Piurohydwo's Antique Armour Boutique.
 18480 | D:14     | Found a runed translucent gate.
 18481 | D:14     | Found a runed translucent gate.
 18482 | D:14     | Found a runed translucent gate.
 18485 | D:14     | Identified the +2 robe of Syjuoduk {Int+2}
 18610 | D:14     | HP: 4/133 [titanic slime creature (91)]
 18612 | D:14     | Annihilated by a titanic slime creature

Illustrated notes

Levels and vault maps discovered:
D:1:      kb_arrival_jail, layout_basic
D:2:      layout_basic, serial_bayou_ford_a, st_stairs_5
D:3:      layout_rooms, fedhas_altar_4, nicolae_overflow_crystal_walls,
          jmf_multi_god_temple2, mrwooster_statue_mirror, uniq_terence
D:4:      layout_basic, nicolae_ru_awakened_eye, minmay_temple_entry_tees
D:5:      layout_basic
D:6:      layout_rooms
D:7:      layout_loops_corners, serial_shops, shop_statue
D:8:      layout_basic
D:9:      cheibrodos_shockbox, layout_loops_ring,
          nicolae_overflow_hidden_temple, trog_butcher_becter,
          minmay_misc_feat_x
D:10:     layout_basic, nemelex_spade_bored_becter, david_lair_shrubbed,
          minmay_crystal_room, grunt_decor_junction, hangedman_misty_isle
D:11:     layout_roguey [special_room_orc],
          kennysheep_orc_monster_closet_entryway, uniq_fannar
D:12:     layout_gridville, elyvilon_altar_1, uniq_gastronok
D:13:     layout_basic, grunt_decor_fettered,
          nicolae_uskayaw_murder_on_the_dancefloor, uniq_snorg
D:14:     layout_roguey, erik_vaults_2, nicolae_concentric_dashed_squares_mild,
          gammafunk_ghost_icy, serial_shops, nicolae_shop_advertising_works
          [nicolae_subvault_shop_adworks]
Temple:   nicolae_temple_bog_church
Lair:1:   layout_concentric_octagons, uniq_amaemon
Lair:2:   layout_chaotic_city, ice2_lemuel, grunt_megastairs_5
Lair:3:   layout_roguey, skrybe_swamp_entry_bodies, spider_nest_entry_a
Lair:4:   layout_misc_corridors
Lair:5:   minmay_lair_end_frog_pond, layout_big_grid, slime_entry_1, uniq_rupert

Skill      XL: |  1  2  3  4  5  6  7  8  9 10 11 12 13 14 |
---------------+-------------------------------------------+-----
Axes           | 3 4 5 6 7 9 11 12 14 16 18 | 18.0
Armour         | 4 5 6 7 8 9 11 12 13 14 | 14.7
Fighting       | 4 5 6 7 8 9 10 12 13 14 | 14.6
Shields        | 4 5 6 7 8 9 11 12 13 14 | 14.7
Invocations    | 3 5 |  5.0

Action                     |  1- 3 |  4- 6 |  7- 9 | 10-12 | 13-15 || total
---------------------------+-------+-------+-------+-------+-------++-------
  Melee: War axe           |    73 |    81 |    62 |       |       ||   216
         Headbutt          |    12 |    10 |    45 |    81 |   110 ||   258
         Broad axe         |       |       |   145 |   355 |   457 ||   957
   Fire: Sling             |    50 |       |       |       |       ||    50
  Throw: Boomerang         |       |       |       |     4 |       ||     4
 Invoke: Heroism           |       |       |       |     7 |     4 ||    11
    Use: Scroll            |     5 |     8 |    11 |     6 |     2 ||    32
         Potion            |       |       |       |       |     8 ||     8
   Stab: Distracted        |       |       |       |     2 |     4 ||     6
 Armour: Scale mail        |    52 |    24 |     6 |       |       ||    82
         Plate armour      |       |       |    98 |   243 |   262 ||   603
  Dodge: Dodged            |    48 |    45 |    87 |   184 |   183 ||   547
  Block: Buckler           |    17 |    14 |    47 |   116 |   166 ||   360

Table legend: (Time is in decaauts)
 A = Elapsed time spent in this place.
 B = Non-inter-level travel time spent in this place.
 C = Inter-level travel time spent in this place.
 D = Time resting spent in this place.
 E = Time spent auto-exploring this place.
 F = Levels seen in this place.
 G = Mean time per level.
                   A        B        C        D        E       F      G
               +--------+--------+--------+--------+--------+-----+--------+
         Total |  18564 |  17791 |    773 |   4112 |   9708 |  20 |  928.2 |
       Dungeon |  11853 |  11358 |    495 |   2171 |   6658 |  14 |  846.6 |
        Temple |    206 |    183 |     23 |      0 |    157 |   1 |  206.0 |
          Lair |   6505 |   6251 |    254 |   1941 |   2892 |   5 | 1301.0 |
               +--------+--------+--------+--------+--------+-----+--------+

Top non-repeatable levels by time:
  Lair:4: 1768 daAuts
  Lair:3: 1470 daAuts
  Lair:5: 1268 daAuts
     D:5: 1244 daAuts
    D:10: 1150 daAuts
     D:7: 1141 daAuts
    D:12: 1084 daAuts
  Lair:1: 1078 daAuts
     D:9: 1028 daAuts
     D:1: 923 daAuts
  Lair:2: 919 daAuts
    D:11: 910 daAuts
     D:2: 844 daAuts
    D:13: 763 daAuts
     D:3: 722 daAuts
